 Dungeon Crawl Stone Soup version 0.30-a0-691-g754fce4c43 (webtiles) character file.

Game seed: 8638868943338293138

84 PimpSugar the Magician (level 4, -6/32 HPs)
             Began as a Demonspawn Hedge Wizard on Jan 19, 2023.
             Mangled by a gnoll
             ... wielding a +2 heavy spear
              (13 damage)
             ... on level 2 of the Dungeon.
             The game lasted 00:05:18 (1646 turns).

PimpSugar the Magician (Demonspawn Hedge Wizard)    Turns: 1646, Time: 00:05:19

Health: -6/32      AC:  3    Str: 11    XL:     4   Next: 24%
Magic:  4/9        EV: 11    Int: 23    God:
Gold:   108        SH:  0    Dex: 12    Spells: 6/9 levels left

rFire   . . .      SeeInvis .    a - +0 dagger
rCold   . . .      Faith    .    (no shield)
rNeg    . . .      Spirit   .    m - +0 leather armour
rPois   .          Reflect  .    c - +0 hat
rElec   .          Harm     .    (no cloak)
rCorr   .          Rampage  .    (no gloves)
Will    .....                    (no boots)
Stlth   ++                       (no amulet)
HPRegen 0.25/turn                k - +6 ring of intelligence
MPRegen 0.11/turn                (no ring)

@: no status effects
A: demonic magic 1, demonic touch 1
a: no special abilities


You were on level 2 of the Dungeon.
You visited 1 branch of the dungeon, and saw 2 of its levels.

You collected 108 gold pieces.

Inventory:

Hand Weapons
 a - a +0 dagger (weapon)
Missiles
 e - 19 stones (quivered)
 i - a throwing net
Armour
 b - a +0 robe
 c - a +0 hat (worn)
 m - a +0 leather armour (worn)
Jewellery
 k - a +6 ring of intelligence (left hand)
Scrolls
 f - a scroll of enchant armour {unknown}
 g - a scroll of fog {unknown}
 h - 2 scrolls of magic mapping {unknown}
 j - 3 scrolls of identify {unknown}
 l - a scroll of butterflies {unknown}
 n - a scroll of teleportation {unknown}
Potions
 o - a potion of attraction {unknown}


   Skills:
 + Level 1.0 Fighting
 + Level 2.1 Dodging
 + Level 2.3 Stealth
 * Level 3.4 Spellcasting
 * Level 2.0 Conjurations
 + Level 1.6 Summonings
 + Level 1.3 Translocations


You had 6 spell levels left.
You knew the following spells:

 Your Spells              Type           Power      Damage    Failure   Level
a - Magic Dart            Conj           52%        1d5       6%          1
b - Call Imp              Summ           11%        N/A       12%         2

Your spell library contained the following spells:

 Spells                   Type           Power      Damage    Failure   Level
 Apportation              Tloc           20%        N/A       9%          1
 Blink                    Tloc           20%        N/A       13%         2
 Lesser Beckoning         Tloc           20%        N/A       13%         2
 Slow                     Hex            12%        N/A       14%         1
 Cigotuvi's Dreadful Rot  Necr/Pois/Air  6%         N/A       22%         2
 Gell's Gravitas          Tloc           10%        N/A       26%         3
 Teleport Other           Tloc           10%        N/A       26%         3
 Mephitic Cloud           Conj/Pois/Air  7%         N/A       32%         3
 Alistair's Intoxication  Tmut/Pois      2%         N/A       99%         5


Dungeon Overview and Level Annotations

Branches:
Dungeon (2/15)

Altars:


Innate Abilities, Weirdness & Mutations

Spells you cast may paralyse adjacent enemies.
Your touch may inflict minor irresistible damage on your foes.


Message History

Casting: Magic Dart (safe; 6% risk of failure)
Confirm with . or Enter, or press ? or * to list all spells.
Aiming: Magic Dart (safe; 6% risk of failure)
Press: ? - help, Shift-Dir - straight line, p - gnoll
Okay, then.
The gnoll closely misses your white imp.
The gnoll hits you from afar with a +0 spear.
* * * LOW HITPOINT WARNING * * *
Your white imp hits the gnoll.
Your white imp freezes the gnoll.
The gnoll dies!
Your Fighting skill increases to level 1!
Your Conjurations skill increases to level 2!
Casting: Magic Dart (safe; 6% risk of failure)
Confirm with . or Enter, or press ? or * to list all spells.
You can't see any susceptible monsters within range! (Use Z to cast anyway.)
Casting: Magic Dart (safe; 6% risk of failure)
Confirm with . or Enter, or press ? or * to list all spells.
You can't see any susceptible monsters within range! (Use Z to cast anyway.)
Casting: Magic Dart (safe; 6% risk of failure)
Confirm with . or Enter, or press ? or * to list all spells.
You don't know that spell.
Your white imp closely misses the gnoll.
Casting: Magic Dart (safe; 6% risk of failure)
Confirm with . or Enter, or press ? or * to list all spells.
Aiming: Magic Dart (safe; 6% risk of failure)
Press: ? - help, Shift-Dir - straight line, f - gnoll
Aim: a gnoll, wielding a +2 heavy spear (ally target, 100% to hit)
The magic dart hits the gnoll.
The gnoll is lightly wounded.
Malevolent energies surge around you.
Your white imp barely misses the gnoll.
Casting: Magic Dart (safe; 6% risk of failure)
Confirm with . or Enter, or press ? or * to list all spells.
Aiming: Magic Dart (safe; 6% risk of failure)
Press: ? - help, Shift-Dir - straight line, f/p - gnoll
Aim: a gnoll, wielding a +2 heavy spear (lightly wounded, ally target, 100% to hit)
The magic dart hits the gnoll.
The gnoll is moderately wounded.
Malevolent energies surge around you.
The gnoll hits you from afar with a +2 heavy spear!
You die...

..... .....# #..... .....
####.#.#########.....
#>...#....†.........'.....
#....##.#.#†.......##.†...
#......!#.#........##.....
#......)5)#........###.###
#.#.....g.#........###.#
####.#...............##
#.#.@...^###'###...##
..####.........'...'. ..$#
###.###.###...## ....#
...##.....### ##+#.#
.....######## #. .###.
#..... #.###.#### ##...#.#
.....#.# ##


You could see a gnoll (ally target) and a friendly white imp (summoned).

Vanquished Creatures
  A gnoll (D:2)
  2 adders (D:2)
  A dart slug (D:2)
  A ball python (D:1)
  3 endoplasms
  2 giant cockroaches (D:1)
  2 goblins
  8 hobgoblins
  2 quokkas (D:1)
  2 frilled lizards
  3 kobolds (D:1)
  4 rats
31 creatures vanquished.

Vanquished Creatures (collateral kills)
  A gnoll (D:2)
  A ball python (D:1)
  A bat (D:1)
  2 endoplasms
  A giant cockroach (D:1)
  2 jackals (D:1)
  A frilled lizard (D:1)
  A kobold (D:2)
10 creatures vanquished.

Grand Total: 41 creatures vanquished

Notes
Turn   | Place    | Note
-------+----------+-------------------------------------------
     0 | D:1      | PimpSugar the Demonspawn Hedge Wizard began the quest for
                  | the Orb.
     0 | D:1      | Reached XP level 1. HP: 13/13 MP: 4/4
   268 | D:1      | Reached skill level 1 in Translocations
   349 | D:1      | Gained mutation: Spells you cast may paralyse adjacent
                  | enemies. [demonic ancestry]
   349 | D:1      | Reached XP level 2. HP: 19/19 MP: 1/6
   594 | D:1      | Found a faded altar of an unknown god.
   610 | D:1      | Learned a level 2 spell: Call Imp
  1044 | D:1      | Discovered your monstrous ancestry.
  1044 | D:1      | Gained mutation: Your touch may inflict minor irresistible
                  | damage on your foes. [demonic ancestry]
  1044 | D:1      | Reached XP level 3. HP: 19/25 MP: 5/7
  1643 | D:2      | Reached XP level 4. HP: 12/31 MP: 5/9
  1644 | D:2      | Reached skill level 1 in Fighting
  1646 | D:2      | Mangled by a gnoll

Illustrated notes

Levels and vault maps discovered:
D:1:      minmay_arrival_jagged, layout_basic,
          shapermc_ecumenical_altar_starsandcircs
D:2:      layout_basic

Skill      XL: |  1  2  3  4 |
---------------+-------------+-----
Translocations | 1 |  1.3
Stealth        | 2 |  2.3
Dodging        | 2 |  2.1
Fighting       | 1 |  1.0
Conjurations   | 2 |  2.0
Spellcasting   | |  3.4
Summonings     | |  1.6

Action                   |  1- 3 |  4- 6 || total
-------------------------+-------+-------++-------
Melee: Dagger            |    46 |       ||    46
       Touch             |     4 |       ||     4
Throw: Stone             |     1 |       ||     1
 Cast: Magic Dart        |    62 |     2 ||    64
       Call Imp          |     5 |       ||     5
  Use: Potion            |     1 |       ||     1
 Stab: Paralysed         |     2 |       ||     2
Armor: Robe              |    11 |       ||    11
       Leather armour    |     4 |       ||     4
Dodge: Dodged            |    35 |       ||    35

Table legend: (Time is in decaauts)
 A = Elapsed time spent in this place.
 B = Non-inter-level travel time spent in this place.
 C = Inter-level travel time spent in this place.
 D = Time resting spent in this place.
 E = Time spent auto-exploring this place.
 F = Levels seen in this place.
 G = Mean time per level.
                   A        B        C        D        E       F      G
               +--------+--------+--------+--------+--------+-----+--------+
         Total |   1651 |   1604 |     47 |     60 |   1151 |   2 |  825.5 |
       Dungeon |   1651 |   1604 |     47 |     60 |   1151 |   2 |  825.5 |
               +--------+--------+--------+--------+--------+-----+--------+

Top non-repeatable levels by time:
     D:1: 1204 daAuts
     D:2: 447 daAuts
